 Dungeon Crawl Stone Soup version 0.25-a0-576-g50b708a4c4 (webtiles) character file.

Game seed: 11326737135498007130, levelgen mode: classic

428403 EnegeticOcto the Champion of Chaos (level 22, -8/179 HPs)
             Began as a Deep Dwarf Fighter on Mar 1, 2020.
             Was the Champion of Makhleb.
             Mangled by a death cob (30 damage)
             ... on level 5 of the Realm of Zot.
             The game lasted 00:26:40 (22724 turns).

EnegeticOcto the Champion of Chaos (DDFi)          Turns: 22724, Time: 00:26:40

Health: -8/179     AC: -8    Str: 29    XL:     22   Next: 47%
Magic:  22/22      EV: 14    Int: 10    God:    Makhleb [******]
Gold:   2678       SH:  0    Dex: 19    Spells: 21/21 levels left

rFire    . . .     SeeInvis +   (weapon currently unavailable)
rCold    . . .     Gourm    .   (shield currently unavailable)
rNeg     + . .     Faith    .   (armour currently unavailable)
rPois    .         Spirit   .   (helmet currently unavailable)
rElec    .         Reflect  .   (cloak currently unavailable)
rCorr    .         Harm     .   (gloves currently unavailable)
MR       +++..                  (boots currently unavailable)
Stlth    ++........             (no amulet)
HPRegen  0.00/turn              (ring currently unavailable)
MPRegen  0.18/turn              (ring currently unavailable)

@: mighty, about to teleport, bat-form, marked, no potions, corroded, vertigo,
stab, flying, non-regenerating, slowed, quick
A: tiny, damage resistance, heal wounds, see invisible, agile 1, frail 2, low mp
1, negative energy resistance 1, sense surroundings 3, screaming 1, no potion
heal 1, subdued magic 1, no regeneration
}: 3/15 runes: serpentine, barnacled, silver
a: Heal Wounds, Minor Destruction, Lesser Servant of Makhleb, Major Destruction,
Greater Servant of Makhleb, Renounce Religion


You were on level 5 of the Realm of Zot.
You worshipped Makhleb.
Makhleb was exalted by your worship.
You were not hungry.
You were in bat-form.
You visited 9 branches of the dungeon, and saw 45 of its levels.
You visited the Abyss 1 time.

You collected 5644 gold pieces.
You spent 2966 gold pieces at shops.

Inventory:

Hand Weapons
 a - a +5 broad axe
 v - the +5 hand axe "Sarcophage" {drain, Dex+6}
   (You found it on level 7 of the Dungeon)

   A truly terrible weapon, it drains the life of those it strikes.
   It affects your dexterity (+6).
 H - a +2 war axe of flaming
 P - a +5 vampiric broad axe (melded)
 V - a +3 broad axe of freezing
Missiles
 i - 6 throwing nets (quivered)
Armour
 c - a +1 pair of boots of stealth (melded)
 F - a +1 helmet of intelligence (melded)
 G - a +2 pair of gloves of dexterity (melded)
 L - a scarf of repulsion (melded)
 N - a +1 tower shield of protection (melded)
 U - +6 gold dragon scales (melded)
Jewellery
 r - the ring "Errikew" (melded) {rC+ rN+}
   (You found it on level 5 of the Depths)

   [ring of positive energy]

   It protects you from cold.
   It protects you from negative energy.
 x - the ring "Mytuemmas" (melded) {MR+ Str+4 Dex+2}
   (You found it on level 7 of the Dungeon)

   [ring of strength]

   It affects your strength (+4).
   It affects your dexterity (+2).
   It affects your resistance to hostile enchantments.
 y - an uncursed ring of protection from fire
Wands
 g - a wand of iceblast (5)
 p - a wand of digging (7) {@v2}
 q - a wand of polymorph (42)
 t - a wand of flame (49)
 B - a wand of paralysis (10)
 I - a wand of acid (28) {@v1}
 X - a wand of clouds (11)
Scrolls
 l - 6 scrolls of fog
 o - 21 scrolls of remove curse {@r6}
 w - 3 scrolls of immolation {@r4}
 C - a scroll of fear
 D - 11 scrolls of teleportation {@r2}
 J - a scroll of holy word
 O - 2 scrolls of summoning
 R - a scroll of silence {unknown}
Potions
 b - 5 potions of lignification {@q7}
 d - 2 potions of mutation
 f - 7 potions of heal wounds {@q2}
 h - a potion of cancellation
 j - 3 potions of stabbing {@q5}
 k - 3 potions of might {@q3}
 m - a potion of resistance {@q6}
 n - 6 potions of haste {@q4}
 u - 7 potions of flight
 z - a potion of ambrosia
 A - 2 potions of invisibility
 E - a potion of magic {unknown}
 K - a potion of berserk rage
 M - 5 potions of curing {@q1}
Miscellaneous
 T - a lamp of fire
Comestibles
 e - 57 rations


   Skills:
 * Level 19.0 Fighting
 - Level 18.0 Axes
 + Level 16.4 Armour
 - Level 1.6 Dodging
 * Level 20.1 Shields
 * Level 23.5 Invocations


You had 21 spell levels left.
You didn't know any spells.
Your spell library was empty.

Dungeon Overview and Level Annotations

Branches:
Dungeon (15/15)            Temple (1/1) D:6            Lair (4/6) D:10
 Shoals (4/4) Lair:4        Snake (4/4) Lair:2          Orc (2/2) D:11
    Elf (0/3) Orc:2        Vaults (5/5) D:14          Crypt (0/3) Vaults:3
 Depths (5/5) D:15            Zot (5/5) Depths:5

Altars:
Ashenzari
Cheibriados
Dithmenos
Elyvilon
Fedhas
Gozag
Hepliaklqana
Kikubaaqudgha
Makhleb
Nemelex Xobeh
Okawaru
Qazlal
Ru
Sif Muna
Trog
Uskayaw
Vehumet
Wu Jian
Xom
Yredelemnul
Zin
The Shining One
Beogh

Shops:
Orc:2 }??}   Shoals:3 [   Vaults:4 (

Portals:
Hell: Depths:5
Abyss: Depths:4
Pandemonium: Depths:5

Annotations:
D:6 3 runed translucent doors, Flugslaktarn's ghost, novice DDFi; Gruesome's ghost, novice GrFi; bmj180's ghost, amateur MiFi
D:12 3 runed translucent doors, Jimufa's ghost, journeyman DrCj
Shoals:2 exclusion: downstairs
Zot:3 1 transporter


Innate Abilities, Weirdness & Mutations

You are resistant to damage.
You can heal yourself by infusing magical energy.
You resist negative energy. (rN+)
You passively map a large area around you.
You do not regenerate.
You have supernaturally acute eyesight. (SInv)
You are agile. (Dex +2)
You are very frail. (-20% HP)
Your magical capacity is low. (-10% MP)
You occasionally shout uncontrollably at your foes.
Potions are less effective at restoring your health.
Your spells are a little easier to cast, but a little less powerful.


Message History

Your magical essence is drained by the effort!
You feel much better.
Your surroundings suddenly seem different.
You block the death cob's attack.
An orb of fire comes into view. x2; A moth of wrath comes into view.
You block the death cob's attack.
A Killer Klown comes into view. It is wielding a +9 club of flaming.
You shout at the Killer Klown!
A yellow draconian monk comes into view.
The yellow draconian monk throws acid at you.
The glob of acid hits you! The acid corrodes you!
You are splashed with acid!
A purple draconian comes into view. It is wielding a +0 trident.
The orb of fire emits a lurid red light.
Strange energies course through your body.
A yellow draconian comes into view. It is wielding a +0 mace.
A yellow draconian comes into view. It is wielding a +0 dire flail.
A black draconian shifter comes into view.
It is wielding a +2 long sword of protection.
You shout at the black draconian shifter!
An electric golem comes into view.
The electric golem crackles and sizzles.
An electric golem comes into view.
Found a twisted robe and a scroll of identify.
An orb of fire, a draconian shifter and a death cob come into view.
An Orb Guardian and a draconian stormcaller come into view.
The red draconian stormcaller is wielding a +0 antimagic whip.
You block the death cob's attack.
An Orb Guardian comes into view. x2
The orb of fire glows bright magenta.
The bolt of fire hits you!!! You resist.
* * * LOW HITPOINT WARNING * * *
The Killer Klown throws klown pie at you.
The klown pie hits you!
Lemon!
You feel unable to drink.
* * * LOW HITPOINT WARNING * * *
The Orb Guardian pulls the alarm!
The alarm trap emits a blaring wail!
The mark upon you grows brighter. You block the death cob's attack.
The yellow draconian throws acid at you.
The glob of acid hits you but does no damage.
The acid corrodes you!
You are splashed with acid!
* * * LOW HITPOINT WARNING * * *
The black draconian shifter casts a spell at you.
You resist with almost no effort.
The red draconian stormcaller mumbles some strange prayers to Qazlal against you.
Qazlal smites you!
* * * LOW HITPOINT WARNING * * *
The orb of fire glows yellow.
The bolt of fire hits you. You resist.
You hear a roar! x2
You feel much better. The death cob hits you.
The electric golem blinks!
You block the death cob's attack.
The black draconian shifter blinks!
A green draconian comes into view. It is wielding a -1 battleaxe.
You feel much better. You block the death cob's attack. x2
The electric golem blinks!
The death cob hits you but does no damage.
The moth of wrath goads the yellow draconian monk on!
The yellow draconian monk goes berserk!
The black draconian shifter blinks!
A purple draconian comes into view. It is wielding a +0 trident.
Unknown command.
As you read the scroll of teleportation {@r2}, it crumbles to dust.
You feel strangely unstable.
You feel the Orb delaying your translocation!
You feel yourself slow down. You block the death cob's attack. x2
An ancient lich comes into view.
You block the Killer Klown's attack.
A red draconian comes into view. It is wielding a +0 battleaxe.
You feel much better.
The death cob hits you but does no damage.
You block the death cob's attack. x2
The Killer Klown throws klown pie at you.
The klown pie hits you!!
Moon pie!
You turn into a bat.
Your +5 vampiric broad axe melds into your body.
Your scarf of repulsion melds into your body.
Your +1 helmet of intelligence melds into your body.
Your +2 pair of gloves of dexterity melds into your body.
Your +1 pair of boots of stealth melds into your body.
Your +1 tower shield of protection melds into your body.
Your +6 gold dragon scales melds into your body.
The ring "Errikew" {rC+ rN+} melds into your body.
The ring "Mytuemmas" {MR+ Str+4 Dex+2} melds into your body.
You feel the dreadful sensation subside.
The haze of the repulsion field disappears.
You feel stupid.
You feel clumsy.
You feel less stealthy.
You feel less protected.
You feel weaker. The moth of wrath barely misses you.
The ancient lich gestures wildly while chanting.
The ancient lich seems to speed up.
The purple draconian hits you from afar with a +0 trident!
The electric golem hits you! The electric golem shocks you!!
* * * LOW HITPOINT WARNING * * *
The electric golem hits you.
* * * LOW HITPOINT WARNING * * *
The electric golem shocks you!
* * * LOW HITPOINT WARNING * * *
The electric golem hits you.
* * * LOW HITPOINT WARNING * * *
The electric golem misses you. The death cob hits you!!
You die...

* ,, ** ,
....^.....d..▓▓ ,
.........d....▓▓
, , ,
.........d..^..▓
,
L......q.......▓
, , , ^
......d.......▓
,, ,
.....dqXX....▓
,,,
,.....d*p8X..▓▓ ,
,,,
.....y*bz....▓▓ ,
,,
......q*......▓*
, ,
,..........[....▓
, ^ , ,
......^........▓
, ,,,
.....^........▓▓
*, ,
^............▓▓
,,...?......▓▓▓▓
* * ▓▓▓▓▓▓▓▓▓▓▓


You could see 3 orbs of fire, a Killer Klown, an electric golem, a yellow
draconian monk (berserk), an ancient lich, 2 draconians, a green draconian, 2
draconians, a red draconian, a yellow draconian shifter, a death cob, a red
draconian stormcaller, 3 Orb Guardians and a moth of wrath.

Vanquished Creatures
  An ancient lich (Depths:4)
  Mara (Vaults:5)
  2 juggernauts
  A curse toe (Zot:3)
  6 golden dragons
  the Enchantress (Depths:4)
  A bone dragon (Abyss:5)
  Jory (Depths:5)
  Jorgrun (D:12)
  6 tentacled monstrosities
  9 titans
  2 liches (Vaults:5)
  A quicksilver dragon (Vaults:5)
  2 tentacled starspawn (Abyss:5)
  3 sphinxes
  3 death cobs
  Kirke (D:13)
  8 tengu reavers
  6 storm dragons
  3 nagarajas
  5 shadow dragons
  6 frost giants
  10 vault wardens
  4 iron dragons
  A ghost moth (Zot:2)
  4 draconian knights
  A fire giant (Depths:1)
  2 deep elf sorcerers
  4 draconian scorchers
  Louise (Shoals:1)
  5 draconian shifters
  2 deep elf elementalists (Vaults:5)
  2 draconian stormcallers (Zot:1)
  4 spriggan defenders
  3 draconian annihilators
  3 very ugly things
  15 stone giants
  6 ironheart preservers
  2 entropy weavers
  4 black draconians
  Nessos (Lair:4)
  4 deep elf demonologists
  2 deep elf annihilators
  7 red draconians
  2 vampire knights
  12 green draconians
  3 spark wasps
  6 purple draconians
  2 white draconians
  4 yellow draconians
  Snorg (D:13)
  A crystal guardian (Vaults:3)
  3 fire dragons
  A deep elf death mage (Vaults:5)
  10 ettins
  A merfolk impaler (Shoals:2)
  7 great orbs of eyes
  9 yaktaur captains
  7 deep elf high priests
  6 ogre magi
  38 vault guards
  Harold (D:7)
  A rakshasa (Depths:2)
  3 ice dragons
  5 naga warriors (Snake:4)
  2 merfolk aquamancers
  A catoblepas (D:14)
  5 anacondas
  5 hydras
  4 spriggan air magi
  2 merfolk avatars
  21 two-headed ogres
  8 centaur warriors
  An alligator snapping turtle (Shoals:3)
  A dancing weapon (Vaults:5)
  A satyr (Shoals:3)
  A deep troll shaman (Vaults:1)
  Urug (D:12)
  4 deep troll earth magi (Depths:5)
  2 vampire magi
  A tengu warrior (Depths:5)
  5 spriggan berserkers
  A thrashing horror (Abyss:5)
  2 shock serpents (Snake:4)
  4 naga sharpshooters
  A death yak (shapeshifter) (Depths:3)
  An orc high priest (Orc:2)
  A hell knight (Depths:5)
  2 small abominations (Vaults:5)
  A fire crab (shapeshifter) (Depths:4)
  A sixfirhy (Zot:1)
  9 skeletal warriors
  6 sea snakes
  2 glowing orange brains
  3 deep trolls (Vaults:1)
  7 flayed ghosts
  A glowing orange brain (shapeshifter) (Vaults:5)
  4 unseen horrors
  2 deep elf archers
  13 ironbrand convokers
  2 naga ritualists
  4 mana vipers
  A shadow dragon zombie (Vaults:3)
  8 orc knights
  A harpy (shapeshifter) (Depths:4)
  5 phantasmal warriors
  17 ugly things
  4 wolf spiders
  4 harpies
  2 shining eyes (shapeshifter)
  3 necromancers
  3 salamanders
  2 human zombies
  14 fauns
  A fire giant zombie (Vaults:3)
  3 orc sorcerers
  14 slime creatures
  5 deep elf magi
  4 cyclopes
  A worldbinder (Abyss:5)
  17 moths of wrath
  5 elephants (Lair:2)
  8 manticores
  7 merfolk sirens
  15 black mambas
  A guardian serpent (Snake:4)
  A salamander (shapeshifter) (Vaults:4)
  A frost giant skeleton (Abyss:5)
  7 vault sentinels
  5 naga magi
  4 centaur zombies
  2 gargoyles
  3 water nymphs
  A titan simulacrum (Vaults:5)
  3 centaur skeletons
  5 spiny frogs
  Maggie (D:7)
  5 rime drakes (Lair:4)
  2 large abominations
  2 kobold demonologists (D:13)
  4 komodo dragons (Lair:4)
  3 freezing wraiths
  15 yaktaurs
  An ancient zyme (Abyss:5)
  A tengu conjurer (Depths:4)
  3 human skeletons
  10 merfolk
  5 hornets
  A queen bee (shapeshifter) (D:11)
  8 trolls
  A wind drake (Shoals:3)
  Grinder (D:5)
  12 blink frogs
  3 raiju (Abyss:5)
  2 snapping turtles
  11 hippogriffs
  A tarantella (Vaults:2)
  6 water elementals
  4 spriggans
  A tarantella (shapeshifter) (D:15)
  9 wyverns
  A vampire (D:10)
  An ettin skeleton (Vaults:5)
  3 wraiths
  9 basilisks
  62 yaks
  2 hungry ghosts
  A chaos spawn (Vaults:5)
  A steam dragon (D:12)
  4 hogs (D:13)
  Grum (D:8)
  6 vampire mosquitoes (D:12)
  2 wargs
  2 acid dragons
  17 nagas
  A soldier ant (shapeshifter) (Vaults:1)
  5 water moccasins
  A soldier ant (D:15)
  9 porcupines
  A floating eye (Depths:5)
  3 eyes of draining
  7 sky beasts
  3 black bears
  34 orc warriors
  6 phantoms
  2 necrophages
  15 ogres
  8 ice beasts
  2 ettin simulacra (Vaults:3)
  4 boggarts (Vaults:2)
  17 wolves
  7 crocodiles
  A crocodile (shapeshifter) (Vaults:2)
  23 centaurs
  A big kobold (D:12)
  13 bullfrogs
  A glowing shapeshifter simulacrum (Vaults:3)
  A water moccasin zombie (D:6)
  A wyvern skeleton (D:8)
  7 scorpions
  An elf simulacrum (Vaults:5)
  16 wights
  14 killer bees
  4 howler monkeys
  3 electric eels
  9 crimson imps
  A lava snake (D:11)
  2 bullfrog zombies
  7 hounds
  3 quasits
  A jelly (D:10)
  21 orc priests
  3 bullfrog skeletons
  Jessica (D:3)
  2 iguanas (D:11)
  27 orc wizards
  17 worker ants
  2 hound zombies (D:7)
  5 worker ant zombies
  12 adders
  17 gnolls
  5 shadow imps
  2 worms
  A dart slug (D:3)
  3 leopard geckos
  104 orcs
  2 ball pythons
  3 bats
  3 giant cockroaches
  2 goblins (D:3)
  4 hobgoblins
  7 jackals
  6 kobolds
  3 quokkas
  A giant cockroach zombie (D:6)
  3 goblin skeletons (D:4)
  A goblin zombie (D:4)
  3 hobgoblin zombies (D:4)
  2 kobold skeletons (D:4)
  A kobold zombie (D:4)
  A leopard gecko skeleton (D:4)
  An orc zombie (D:4)
  A quokka zombie (D:8)
  3 rats
  3 crawling corpses (Vaults:5)
  3 fungi
  A plant (Lair:2)
  3 starspawn tentacles (Abyss:5)
1326 creatures vanquished.

Vanquished Creatures (collateral kills)
  An ancient lich (Vaults:5)
  A golden dragon (Depths:5)
  A tengu reaver (Vaults:5)
  A shadow dragon (Vaults:4)
  5 nagarajas (Snake:4)
  A vault warden (Vaults:5)
  A frost giant (Shoals:4)
  A deep elf sorcerer (Depths:5)
  Aizul (Snake:4)
  A very ugly thing (Depths:5)
  3 spriggan defenders
  2 stone giants
  2 deep elf demonologists (Depths:5)
  An ettin (Vaults:5)
  A merfolk javelineer (Shoals:4)
  2 merfolk impalers (Shoals:4)
  A fire dragon (Depths:4)
  A deep elf high priest (Depths:4)
  4 vault guards (Vaults:5)
  A yaktaur captain (Depths:5)
  A great orb of eyes (Depths:5)
  4 naga warriors (Snake:4)
  A merfolk avatar (Shoals:4)
  A two-headed ogre (D:13)
  2 merfolk aquamancers (Shoals:4)
  A centaur warrior (Orc:2)
  A spriggan berserker (Depths:5)
  A deep troll earth mage (Depths:5)
  5 naga sharpshooters (Snake:4)
  A glowing orange brain (Depths:4)
  A naga ritualist (Snake:4)
  A phantasmal warrior (Vaults:5)
  3 harpies (Depths:5)
  An orc knight (Orc:2)
  A deep elf mage (Depths:5)
  A manticore (D:13)
  A guardian serpent (Snake:4)
  4 naga magi (Snake:4)
  3 black mambas (Snake:4)
  A yaktaur (Depths:5)
  A merfolk (Shoals:1)
  A queen bee (shapeshifter) (Depths:5)
  A hornet (Depths:5)
  2 wind drakes (Shoals:4)
  2 hippogriffs
  A dream sheep (shapeshifter) (Depths:4)
  A snapping turtle (Shoals:4)
  A spriggan (Depths:5)
  A water elemental (Shoals:2)
  20 nagas (Snake:4)
  A water moccasin (Snake:4)
  A floating eye (Depths:5)
  5 orc warriors (Orc:2)
  A centaur (Orc:2)
  A crimson imp (D:13)
  An adder (Snake:4)
  An orc (Orc:2)
  A ball python (Snake:4)
110 creatures vanquished.

Vanquished Creatures (others)
  Asterion (Snake:4)
  A vault sentinel (Vaults:5)
  A golden eye (Abyss:5)
  A large abomination (Abyss:5)
  3 orc warriors
  A centaur (Orc:2)
  An orc wizard (D:11)
  An orc (Vaults:2)
  A fungus (Lair:2)
  49 plants
  5 starspawn tentacles (Abyss:5)
65 creatures vanquished.

Grand Total: 1501 creatures vanquished

Notes
Turn   | Place    | Note
-------+----------+-------------------------------------------
     0 | D:1      | EnegeticOcto the Deep Dwarf Fighter began the quest for the
                  | Orb.
     0 | D:1      | Reached XP level 1. HP: 20/20 MP: 1/1
   139 | D:2      | Reached XP level 2. HP: 22/27 MP: 2/2
   179 | D:3      | Reached skill level 1 in Dodging
   179 | D:3      | Reached XP level 3. HP: 15/34 MP: 3/3
   307 | D:4      | Reached XP level 4. HP: 25/42 MP: 4/4
   421 | D:4      | Found a glowing golden altar of the Shining One.
   465 | D:4      | Reached XP level 5. HP: 49/49 MP: 5/5
   820 | D:5      | Entered Level 5 of the Dungeon
   820 | D:5      | Noticed Grinder
   850 | D:5      | Killed Grinder
   850 | D:5      | Reached XP level 6. HP: 52/58 MP: 5/5
  1101 | D:5      | Reached skill level 5 in Axes
  1101 | D:5      | Reached XP level 7. HP: 49/66 MP: 6/6
  1298 | D:5      | Reached skill level 5 in Fighting
  1298 | D:5      | Reached skill level 5 in Shields
  1305 | D:5      | Found a shadowy altar of Dithmenos.
  1549 | D:5      | Reached skill level 5 in Armour
  1594 | D:5      | Noticed a hippogriff
  1613 | D:5      | Killed a hippogriff
  1613 | D:5      | Reached XP level 8. HP: 57/75 MP: 6/6
  1779 | D:5      | Found a shadowy altar of Dithmenos.
  1931 | D:6      | Found a blossoming altar of Fedhas.
  2102 | D:6      | Found a staircase to the Ecumenical Temple.
  2228 | D:6      | Found a runed translucent gate.
  2249 | D:6      | Gained mutation: You passively map the area around you.
                  | [Deep Dwarf growth]
  2249 | D:6      | Reached XP level 9. HP: 57/85 MP: 7/7
  2287 | Temple   | Entered the Ecumenical Temple
  2448 | D:6      | Found a runed translucent gate.
  2455 | D:6      | Noticed Flugslaktarn's ghost (novice DDFi)
  2455 | D:6      | Noticed bmj180's ghost (amateur MiFi)
  2456 | D:6      | Found a runed translucent gate.
  2456 | D:6      | Noticed Gruesome's ghost (novice GrFi)
  2776 | D:7      | Noticed Harold
  2810 | D:7      | Killed Harold
  2894 | D:7      | Got a scorched hand axe
  2895 | D:7      | Identified the +5 hand axe "Sarcophage" {drain, Dex+6} (You
                  | found it on level 7 of the Dungeon)
  2926 | D:7      | Noticed Maggie
  2944 | D:7      | Killed Maggie
  3019 | D:7      | Got a crude glass ring
  3137 | D:7      | Reached XP level 10. HP: 55/96 MP: 7/7
  3294 | D:3      | Found a burning altar of Makhleb.
  3294 | D:3      | Noticed Jessica
  3304 | D:3      | Killed Jessica
  3319 | D:3      | Became a worshipper of Makhleb the Destroyer
  3648 | D:7      | Reached skill level 1 in Invocations
  3868 | D:8      | Noticed Grum
  3871 | D:8      | Reached skill level 2 in Invocations
  3888 | D:8      | Killed Grum
  3899 | D:8      | Identified the ring "Mytuemmas" {MR+ Str+4 Dex+2} (You
                  | found it on level 7 of the Dungeon)
  3988 | D:8      | Reached * piety under Makhleb
  4010 | D:8      | Reached skill level 3 in Invocations
  4013 | D:8      | Found an ornate altar of the Wu Jian Council.
  4092 | D:8      | Found a snail-covered altar of Cheibriados.
  4092 | D:8      | Found a sparkling altar of Nemelex Xobeh.
  4092 | D:8      | Found a shattered altar of Ashenzari.
  4092 | D:8      | Found a glowing silver altar of Zin.
  4092 | D:8      | Found a bloodstained altar of Trog.
  4099 | D:8      | Found a blossoming altar of Fedhas.
  4099 | D:8      | Found a shimmering blue altar of Sif Muna.
  4101 | D:8      | Found a hazy altar of Hepliaklqana.
  4284 | D:8      | Reached skill level 10 in Axes
  4576 | D:8      | Found an ornate altar of the Wu Jian Council.
  4576 | D:8      | Noticed a two-headed ogre
  4591 | D:8      | Killed a two-headed ogre
  4591 | D:8      | Reached skill level 4 in Invocations
  4762 | D:9      | Reached skill level 5 in Invocations
  4965 | D:9      | Found a sacrificial altar of Ru.
  5017 | D:9      | Reached XP level 11. HP: 69/106 MP: 10/12
  5017 | D:9      | Reached ** piety under Makhleb
  5063 | D:9      | Found an opulent altar of Gozag.
  5106 | D:9      | Paralysed by a hornet for 1 turns
  5111 | D:9      | Paralysed by a hornet for 2 turns
  5409 | D:9      | Reached skill level 6 in Invocations
  5428 | D:10     | Entered Level 10 of the Dungeon
  5429 | D:10     | Gained mutation: You have supernaturally acute eyesight.
                  | (SInv) [potion of mutation]
  5429 | D:10     | Gained mutation: Your spells are a little easier to cast,
                  | but a little less powerful. [potion of mutation]
  5429 | D:10     | Gained mutation: You are agile. (Dex +2) [potion of
                  | mutation]
  5505 | D:10     | Reached skill level 7 in Invocations
  5512 | D:10     | Reached *** piety under Makhleb
  5723 | D:10     | Found a staircase to the Lair.
  5799 | D:10     | Noticed an unseen horror
  5822 | D:10     | Killed an unseen horror
  5958 | D:10     | Reached skill level 10 in Fighting
  5958 | D:10     | Reached skill level 8 in Invocations
  6235 | D:11     | Noticed an unseen horror
  6251 | D:11     | Killed an unseen horror
  6295 | D:11     | Reached **** piety under Makhleb
  6307 | D:11     | Reached XP level 12. HP: 96/116 MP: 15/15
  6439 | D:11     | Reached skill level 9 in Invocations
  6512 | D:11     | Found a staircase to the Orcish Mines.
  6516 | D:11     | Found a roughly hewn altar of Beogh.
  7049 | D:11     | Noticed a two-headed ogre
  7049 | D:11     | Noticed a centaur warrior
  7049 | D:11     | Noticed a storm dragon
  7057 | D:11     | Killed a two-headed ogre
  7057 | D:11     | Reached ***** piety under Makhleb
  7076 | D:11     | Killed a storm dragon
  7103 | D:11     | Reached skill level 10 in Invocations
  7111 | D:11     | Killed a centaur warrior
  7444 | D:12     | Noticed a two-headed ogre
  7454 | D:12     | Noticed Jorgrun
  7465 | D:12     | Killed a two-headed ogre
  7506 | D:12     | Killed Jorgrun
  7506 | D:12     | Reached skill level 11 in Invocations
  7506 | D:12     | Reached XP level 13. HP: 101/127 MP: 17/17
  7898 | D:12     | Noticed Jimufa's ghost (journeyman DrCj)
  7899 | D:12     | Noticed a minotaur
  7950 | D:12     | Found a runed translucent gate.
  7950 | D:12     | Found a runed translucent gate.
  7951 | D:12     | Found a runed translucent gate.
  7966 | D:12     | Noticed Urug
  8002 | D:12     | Killed Urug
  8408 | D:13     | Reached skill level 10 in Shields
  8419 | D:13     | Reached skill level 10 in Armour
  8529 | D:13     | Reached skill level 12 in Invocations
  8640 | Lair:1   | Entered Level 1 of the Lair of Beasts
  8963 | Lair:2   | Reached ****** piety under Makhleb
  8988 | Lair:2   | Found a staircase to the Snake Pit.
  9166 | Lair:2   | Gained mutation: You resist negative energy. (rN+) [Deep
                  | Dwarf growth]
  9166 | Lair:2   | Reached XP level 14. HP: 138/138 MP: 18/18
  9441 | Lair:2   | You fall into a shaft and drop 2 floors!
  9467 | Lair:4   | Reached skill level 13 in Invocations
  9727 | Lair:4   | Noticed Nessos
  9740 | Lair:4   | Killed Nessos
  9980 | Lair:4   | Found a staircase to the Shoals.
 10485 | Orc:1    | Entered Level 1 of the Orcish Mines
 10613 | Orc:1    | You fall into a shaft and drop 1 floor!
 10613 | Orc:2    | Entered Level 2 of the Orcish Mines
 10736 | Orc:2    | Reached skill level 14 in Invocations
 10775 | Orc:2    | Found Vaamefyu's Magic Scroll Shop.
 10775 | Orc:2    | Found Noynoul's Magic Scroll Emporium.
 10786 | Orc:2    | Found Coppia's Gadget Shoppe.
 10791 | Orc:2    | Found Xiobrod's Gadget Boutique.
 10848 | Orc:2    | Bought a scroll of acquirement for 624 gold pieces
 10855 | Orc:2    | Bought a scroll of acquirement for 676 gold pieces
 10855 | Orc:2    | Bought a scroll of acquirement for 676 gold pieces
 10940 | Orc:2    | Found a staircase to the Elven Halls.
 11156 | Orc:2    | Bought 3 scrolls of enchant armour for 292 gold pieces
 11156 | Orc:2    | Bought a scroll of enchant armour for 97 gold pieces
 11157 | Orc:2    | Bought a scroll of identify for 24 gold pieces
 11157 | Orc:2    | Bought a scroll of identify for 24 gold pieces
 11157 | Orc:2    | Bought a scroll of identify for 24 gold pieces
 11157 | Orc:2    | Bought a scroll of blinking for 90 gold pieces
 11157 | Orc:2    | Bought a scroll of blinking for 90 gold pieces
 11157 | Orc:2    | Bought a scroll of teleportation for 36 gold pieces
 11157 | Orc:2    | Bought a scroll of teleportation for 36 gold pieces
 11157 | Orc:2    | Bought a scroll of teleportation for 36 gold pieces
 11157 | Orc:2    | Bought a scroll of fog for 24 gold pieces
 11530 | Shoals:1 | Entered Level 1 of the Shoals
 11530 | Shoals:1 | Noticed Louise
 11550 | Shoals:1 | Killed Louise
 11674 | Shoals:2 | Reached skill level 15 in Axes
 11674 | Shoals:2 | Reached XP level 15. HP: 140/147 MP: 19/19
 11873 | Shoals:3 | Noticed a kraken
 11873 | Shoals:3 | Noticed a kraken
 11873 | Shoals:3 | Noticed a kraken
 11873 | Shoals:3 | Noticed a kraken
 12040 | Shoals:3 | Found Ezai's Antique Armour Shoppe.
 12097 | Shoals:3 | Bought a pair of embroidered boots for 217 gold pieces
 12208 | Shoals:4 | Entered Level 4 of the Shoals
 12323 | Shoals:4 | Noticed a frost giant
 12331 | Shoals:4 | Reached skill level 15 in Invocations
 12339 | Shoals:4 | Killed a frost giant
 12368 | Shoals:4 | Got a barnacled rune of Zot
 12551 | Snake:1  | Entered Level 1 of the Snake Pit
 12552 | Snake:1  | Noticed a nagaraja
 12575 | Snake:1  | Killed a nagaraja
 12624 | Snake:2  | Noticed a nagaraja
 12640 | Snake:2  | Killed a nagaraja
 12746 | Snake:2  | Noticed a nagaraja
 12757 | Snake:2  | Killed a nagaraja
 12993 | Snake:4  | Entered Level 4 of the Snake Pit
 13055 | Snake:4  | Noticed Asterion
 13074 | Snake:4  | Killed Asterion
 13153 | Snake:4  | Reached XP level 16. HP: 153/158 MP: 21/21
 13396 | Snake:4  | Reached skill level 16 in Invocations
 13592 | Snake:4  | Noticed Aizul
 13599 | Snake:4  | Killed Aizul
 13639 | Snake:4  | Got a serpentine rune of Zot
 14299 | D:13     | Noticed Kirke
 14325 | D:13     | Killed Kirke
 14433 | D:13     | Noticed Snorg
 14450 | D:13     | Killed Snorg
 14658 | D:13     | You fall into a shaft and drop 2 floors!
 14658 | D:15     | Entered Level 15 of the Dungeon
 14813 | D:15     | Found a staircase to the Depths.
 15800 | D:14     | Found a gate to the Vaults.
 15959 | D:14     | Reached skill level 17 in Invocations
 15984 | Vaults:1 | Entered Level 1 of the Vaults
 15999 | Vaults:1 | Reached XP level 17. HP: 155/168 MP: 23/23
 16642 | Vaults:2 | Reached skill level 15 in Fighting
 17154 | Vaults:3 | Reached skill level 18 in Invocations
 17185 | Vaults:3 | Reached skill level 15 in Shields
 17453 | Vaults:4 | Gained mutation: You passively map a large area around you.
                  | [Deep Dwarf growth]
 17453 | Vaults:4 | Reached XP level 18. HP: 146/178 MP: 25/25
 17622 | Vaults:5 | Entered Level 5 of the Vaults
 17751 | Vaults:5 | Reached skill level 19 in Invocations
 17816 | Vaults:5 | Got a heavily runed plate armour
 17955 | Vaults:5 | Gained mutation: You are frail. (-10% HP) [a shining eye]
 17965 | Vaults:5 | Noticed an ancient lich
 17974 | Vaults:5 | Gained mutation: You occasionally shout uncontrollably at
                  | your foes. [a cacodemon]
 18013 | Vaults:5 | Cast into level 5 of the Abyss (an ancient lich)
 18013 | Abyss:5  | Entered Level 5 of the Abyss
 18027 | Abyss:5  | Noticed a bone dragon
 18058 | Abyss:5  | Killed a bone dragon
 18115 | Vaults:5 | Escaped the Abyss
 18115 | Vaults:5 | Identified the +6 quarterstaff "Sihac" {venom, rC+ Str-5
                  | Int+5}
 18136 | Vaults:5 | Killed an ancient lich
 18136 | Vaults:5 | Reached XP level 19. HP: 170/170 MP: 26/26
 18193 | Vaults:5 | Found the ring of the Mage {Wiz MR++ Int+3}
 18486 | Vaults:5 | Reached skill level 20 in Invocations
 18593 | Vaults:5 | Identified the cursed +1 trident of the Sugar Beet {flame,
                  | Str+4}
 18631 | Vaults:5 | Noticed Mara
 18668 | Vaults:5 | Noticed EnegeticOcto's illusion
 18688 | Vaults:5 | Killed Mara
 18949 | Vaults:5 | Got a silver rune of Zot
 18970 | Vaults:5 | Reached XP level 20. HP: 180/180 MP: 27/27
 19026 | Vaults:4 | Found Qud Bimu's Antique Weapon Boutique.
 19122 | Vaults:3 | Identified the cursed +1 plate armour of Beogh's Fury {MR+
                  | MP+9 Stlth+} (You found it on level 5 of the Vaults)
 19381 | Depths:1 | Entered Level 1 of the Depths
 19593 | Depths:4 | Found a one-way gate to the infinite horrors of the Abyss.
 19618 | Depths:4 | Reached skill level 21 in Invocations
 19743 | Depths:4 | Noticed a juggernaut
 19771 | Depths:4 | Killed a juggernaut
 19771 | Depths:4 | Reached skill level 15 in Armour
 19773 | Depths:4 | Noticed a golden dragon
 19776 | Depths:4 | Noticed an ancient lich
 19791 | Depths:4 | Killed an ancient lich
 19799 | Depths:4 | Killed a golden dragon
 19822 | Depths:4 | Noticed a golden dragon
 19839 | Depths:4 | Killed a golden dragon
 19868 | Depths:4 | Found the +9 heavy crossbow "Sniper" {vorpal, Acc+∞ SInv}
 20008 | Depths:4 | Noticed a golden dragon
 20027 | Depths:4 | Killed a golden dragon
 20264 | Depths:4 | Noticed the Enchantress
 20299 | Depths:4 | Killed the Enchantress
 20405 | Depths:5 | Entered Level 5 of the Depths
 20466 | Depths:5 | Reached XP level 21. HP: 178/189 MP: 26/26
 20509 | Depths:5 | Found a white marble altar of Elyvilon.
 20509 | Depths:5 | Noticed a golden dragon
 20525 | Depths:5 | Killed a golden dragon
 20583 | Depths:5 | Paralysed by a floating eye for 3 turns
 20599 | Depths:5 | Noticed a juggernaut
 20621 | Depths:5 | Killed a juggernaut
 20621 | Depths:5 | Reached skill level 22 in Invocations
 20696 | Depths:5 | Found a white marble altar of Elyvilon.
 20721 | Depths:5 | Noticed Jory
 20754 | Depths:5 | Killed Jory
 20831 | Depths:5 | Noticed a golden dragon
 20836 | Depths:5 | Paralysed by a floating eye for 2 turns
 20847 | Depths:5 | Identified the ring "Esmen" {MR+ Dex+5}
 20848 | Depths:5 | Killed a golden dragon
 20849 | Depths:5 | Noticed a golden dragon
 20866 | Depths:5 | Killed a golden dragon
 20941 | Depths:5 | Found a one-way gate leading to the halls of Pandemonium.
 21036 | Depths:5 | Found a gate to the Realm of Zot.
 21080 | Depths:5 | Got a smoking steel ring
 21121 | Depths:5 | Got a scintillating glass ring
 21162 | Depths:5 | Identified the ring of Feibboc {rN+ Int+4} (You found it on
                  | level 5 of the Depths)
 21171 | Depths:5 | Identified the ring of Qotei {rCorr Dex+4} (You found it on
                  | level 5 of the Depths)
 21186 | Depths:5 | Got a clouded amber ring
 21194 | Depths:5 | Found a gateway to Hell.
 21215 | Depths:5 | Identified the ring "Errikew" {rC+ rN+} (You found it on
                  | level 5 of the Depths)
 21253 | Zot:1    | Entered Level 1 of the Realm of Zot
 21558 | Zot:1    | Noticed a golden dragon
 21586 | Zot:1    | Killed a golden dragon
 21729 | Zot:1    | You fall into a shaft and drop 1 floor!
 21810 | Zot:2    | Reached XP level 22. HP: 200/200 MP: 11/28
 21937 | Zot:2    | Reached skill level 23 in Invocations
 22048 | Zot:1    | You fall into a shaft and drop 1 floor!
 22343 | Zot:3    | Found a transporter.
 22554 | Zot:3    | Noticed a curse toe
 22581 | Zot:3    | Killed a curse toe
 22678 | Zot:5    | Entered Level 5 of the Realm of Zot
 22691 | Zot:5    | Noticed an ancient lich
 22691 | Zot:5    | Gained mutation: Potions are less effective at restoring
                  | your health. [an orb of fire]
 22691 | Zot:5    | Noticed an orb of fire
 22691 | Zot:5    | Noticed an orb of fire
 22692 | Zot:5    | Noticed an orb of fire
 22692 | Zot:5    | Noticed a Killer Klown
 22693 | Zot:5    | Noticed a Killer Klown
 22697 | Zot:5    | Gained mutation: You are very frail. (-20% HP) [an orb of
                  | fire]
 22705 | Zot:5    | Gained mutation: Your magical capacity is low. (-10% MP)
                  | [an orb of fire]
 22707 | Zot:5    | Noticed an ancient lich
 22707 | Zot:5    | Noticed a golden dragon
 22719 | Zot:5    | Noticed an orb of fire
 22719 | Zot:5    | Noticed an orb of fire
 22719 | Zot:5    | Noticed a Killer Klown
 22720 | Zot:5    | Noticed an orb of fire
 22723 | Zot:5    | Noticed an ancient lich
 22724 | Zot:5    | Mangled by a death cob

Levels and vault maps discovered:
D:1:      dpeg_arrival_houses_and_road, layout_loops_cross,
          serial_park_tiny_pond
D:2:      layout_loops_cross, serial_glass, glass_columns_a, glass_columns_b,
          glass_columns_b, glass_columns_c, glass_columns_a, glass_columns_a,
          glass_columns_b, glass_columns_b, uniq_natasha
D:3:      layout_loops_ring, overflow_temple_1_default, first_ration,
          uniq_crazy_yiuf_cottage, uniq_terence, uniq_jessica, uniq_robin
D:4:      layout_cave_pools, nicolae_tso_besieged_by_evil
D:5:      layout_layer_cave, nicolae_overflow_crystal_walls,
          grunt_dithmenos_shadows, uniq_grinder
D:6:      layout_rooms, minmay_temple_entry_glass, gammafunk_ghost_cemetery,
          fedhas_altar_2
D:7:      layout_loops_corners, uniq_harold, uniq_maggie
D:8:      layout_layer_cave, lemuel_doored_altar, grunt_temple_overflow_open,
          basic_altar, the_bakery, uniq_grum
D:9:      layout_long_grid, kennysheep_mini, minmay_misc_feat_square,
          nicolae_ru_great_annihilating_truth
D:10:     layout_cave_pools, minmay_lair_entry_grove, chequers_jeans,
          minmay_misc_feat_hallway, minmay_diced_spiral
D:11:     layout_roguey, david_orc_5, nicolae_lava_and_water,
          kennysheep_nondescript, wad_scary_box
D:12:     layout_irregular_city, maelrawn_ghost_gauntlet_escape,
          grunt_ministairs_12, evilmike_butchery, uniq_jorgrun, uniq_urug
D:13:     layout_cave_pods, uniq_kirke, uniq_snorg
D:14:     layout_irregular_city, erik_vaults_2, minmay_strange_pillars
D:15:     hangedman_depths_entry_try_elsewhere_first, layout_grid_maze
Temple:   jpeg_temple_alley_garden
Lair:1:   layout_chaotic_city, minmay_lair_oklob_chamber
Lair:2:   layout_long_grid, dummy_snake_entry
Lair:3:   layout_cave_pods
Lair:4:   layout_gridlike, elwin_shoals_entry_rooms, special_room
          [special_room_mythical_zoo], serial_bayou_shore_a, uniq_nessos
Shoals:1: layout_shoals, serial_shops, nicolae_shop_waterfront, uniq_frances,
          uniq_donald, uniq_louise
Shoals:2: layout_shoals, nicolae_shoals_square_sea_wall
Shoals:3: layout_shoals, serial_shops, nicolae_shop_behind_doors,
          nicolae_shoals_kraken_party
Shoals:4: shoals_end_grunt_ice, layout_shoals,
          nicolae_shoals_kraken_intersection
Snake:1:  layout_rooms, serial_bayou_shore_b, uniq_roxanne
Snake:2:  hangedman_cross_veins, layout_cave_town, nicolae_large_snake_swirl,
          uniq_vashnia
Snake:3:  layout_basic, uniq_bai_suzhen
Snake:4:  minmay_snake_end_coiled, layout_cave_town, serial_bayou_lagoon_a,
          hangedman_snake_corridor_cut, uniq_asterion, uniq_aizul
Orc:1:    layout_diamond_mine, lightli_church_of_beogh
Orc:2:    st_orc_rangers, layout_diamond_mine, serial_shops, shop
Vaults:1: v_misc_27, vaults_room_guarded_vault, hangedman_vaults_unwind,
          dpeg_vaults_monster_row, nicolae_vaults_little_squares_3,
          vaults_standard_mumra_enter_the_diamond, ontoclasm_vaults_shuriken,
          ontoclasm_vaults_decontamination, layout_vaults_omnigrid
Vaults:2: nicolae_vaults_twisting_passages, v_rooms_2, vaults_room_boxed,
          vaults_mumra_lcd, v_misc_23, nicolae_vaults_theta,
          nicolae_vaults_circle_grid_a, vaults_room_door_hall,
          nicolae_vaults_yaktaur_gun_rack, nicolae_vaults_big_ls,
          nicolae_vaults_octagons, ontoclasm_vaults_ring_large,
          vaults_room_door_ring, hangedman_vaults_impose,
          ontoclasm_vaults_pinch, vaults_dpeg_hooks, layout_vaults_maze
Vaults:3: minmay_crypt_entry_simple_walls, ontoclasm_vaults_shout,
          vaults_room_fours, ontoclasm_vaults_loading_screen,
          nicolae_vaults_little_squares_4, nicolae_vaults_specimen_jars,
          layout_vaults_chaotic_city
Vaults:4: nicolae_vaults_c_with_doors, ontoclasm_vaults_ring_square,
          ontoclasm_vaults_hangar, vaults_standard_mumra_lines, v_rooms_4,
          ontoclasm_vaults_gateway, nicolae_vaults_little_squares_3,
          ontoclasm_vaults_ligature, hangedman_vaults_cutoff,
          nicolae_vaults_asterisk, nicolae_vaults_shelves_hall,
          layout_vaults_ring, serial_shops, shop
Vaults:5: uniq_mara
Depths:1: layout_twisted_cross, nicolae_wwwww, hell_entry
Depths:2: gammafunk_mikee_crab_dinner, layout_gridville, enter_ziggurat_f,
          biasface_ghost_demon_polymorph, serial_sigils_hangedman_confine,
          hell_entry, minmay_door_square
Depths:3: minmay_cut_squares, layout_cross, minmay_misc_feat_diagonals,
          gammafunk_ghost_berserking_beasts, hell_entry,
          grunt_pan_entry_in_and_out, argonaut_fire_from_heaven
Depths:4: evilmike_iron_armoury, layout_cave_shapes, grunt_hell_entry_dis_grunt,
          abyss_entry, minmay_swirly_circle, infiniplex_staircase_x,
          serial_bayou_shore_b, minmay_shoptagon, uniq_enchantress
Depths:5: hangedman_spin_cycle, pan_entry, hell_entry, uniq_jory
Zot:1:    layout_gridlike, hangedman_snake_sidewinding
Zot:2:    layout_misc_corridors
Zot:3:    layout_twisted_circle, gammafunk_ghost_wrathful_warriors,
          nicolae_zot_crop_circle
Zot:4:    layout_onion
Zot:5:    layout_cathedral_of_symmetry

Skill      XL: |  1  2  3  4  5  6  7  8  9 10 11 12 13 14 15 16 17 18 19 20 21 22 |
---------------+-------------------------------------------------------------------+-----
Fighting       | 3 4 5 6 8 9 10 11 12 13 14 15 16 17 18 19 | 19.0
Dodging        | 1 |  1.6
Axes           | 3 4 5 6 7 9 10 11 12 13 15 16 17 18 | 18.0
Shields        | 4 5 6 7 8 9 10 11 12 14 15 16 17 18 19 20 | 20.1
Armour         | 4 5 6 7 8 9 10 11 12 13 14 15 16 | 16.4
Invocations    | 5 8 11 12 14 15 17 18 19 20 21 22 23 | 23.5

Action                   |  1- 3 |  4- 6 |  7- 9 | 10-12 | 13-15 | 16-18 | 19-21 | 22-24 || total
-------------------------+-------+-------+-------+-------+-------+-------+-------+-------++-------
Melee: War axe           |    69 |   117 |   441 |       |   350 |       |       |       ||   977
       Hand axe          |       |       |    36 |   814 |   885 |  1541 |       |       ||  3276
       Broad axe         |       |       |       |       |       |   171 |  1356 |   299 ||  1826
Invok: Lesser Servant of |       |       |       |       |    14 |     5 |     6 |       ||    25
       Greater Servant o |       |       |       |       |     3 |     8 |    12 |     2 ||    25
 Abil: Heal Wounds       |     1 |     3 |    16 |     9 |    12 |    15 |    18 |    11 ||    85
Evoke: Wand              |       |       |       |       |     9 |     9 |     2 |       ||    20
       Lamp of fire      |       |       |       |       |       |       |     1 |       ||     1
  Use: Scroll            |       |       |     4 |     8 |    16 |     8 |    17 |     5 ||    58
       Potion            |       |       |       |     2 |     1 |     2 |       |     3 ||     8
 Stab: Paralysed         |       |       |       |     1 |     3 |       |       |       ||     4
       Distracted        |       |       |       |       |    10 |    11 |    24 |       ||    45
       Confused          |       |       |       |       |       |       |    12 |       ||    12
  Eat: Chunk             |       |     1 |     8 |    16 |    20 |    15 |    14 |       ||    74
       Ration            |       |       |       |       |     2 |       |       |     2 ||     4
Armor: Plate armour      |    69 |    70 |   386 |   242 |       |       |       |       ||   767
       Scale mail        |     2 |       |       |       |       |       |       |       ||     2
       Storm dragon scal |       |       |       |    60 |   451 |   660 |   277 |       ||  1448
       Skin              |       |       |       |     6 |       |       |       |       ||     6
       Gold dragon scale |       |       |       |       |       |       |   429 |   206 ||   635
Dodge: Dodged            |    17 |    23 |   147 |   221 |   329 |   315 |   248 |    58 ||  1358
       Deflected         |       |       |       |       |    43 |    30 |    10 |     1 ||    84
Block: Kite shield       |    35 |    72 |   310 |   446 |   520 |       |       |       ||  1383
       Tower shield      |       |       |       |       |   544 |  1697 |  1539 |   374 ||  4154

Table legend:
 A = Non-vault XP
 B = Vault XP
 C = Vault XP percentage of total XP
 D = Non-vault monster count
 E = Vault monster count
 F = Vault count percentage of total count
                 A         B        C        D         E       F
            +---------+---------+-------+---------+---------+-------
      Total |  402939 |  368070 |  47.7 |     961 |     470 |  32.8
            +---------+---------+-------+---------+---------+-------
        D:1 |       4 |       0 |   0.0 |       2 |       0 |   0.0
        D:2 |      20 |       0 |   0.0 |       5 |       0 |   0.0
        D:3 |      96 |      37 |  27.8 |      20 |       1 |   4.8
        D:4 |     115 |      61 |  34.7 |       8 |      12 |  60.0
        D:5 |    1082 |     389 |  26.4 |      35 |       2 |   5.4
        D:6 |    1983 |       0 |   0.0 |      46 |       0 |   0.0
        D:7 |    1533 |    1392 |  47.6 |      32 |       2 |   5.9
        D:8 |    2308 |     624 |  21.3 |      26 |       4 |  13.3
        D:9 |    2767 |      46 |   1.6 |      22 |       4 |  15.4
       D:10 |    4440 |    2028 |  31.4 |      48 |      14 |  22.6
       D:11 |    6333 |    5437 |  46.2 |      38 |      30 |  44.1
       D:12 |    7141 |    5136 |  41.8 |      41 |       8 |  16.3
       D:13 |    9632 |    4041 |  29.6 |      31 |       6 |  16.2
       D:14 |   10530 |    7968 |  43.1 |      35 |       8 |  18.6
       D:15 |    3076 |    1776 |  36.6 |      12 |       3 |  20.0
     Lair:1 |    3476 |       0 |   0.0 |      11 |       0 |   0.0
     Lair:2 |   11972 |       0 |   0.0 |      51 |       0 |   0.0
     Lair:3 |     389 |       0 |   0.0 |       1 |       0 |   0.0
     Lair:4 |    7124 |    8950 |  55.7 |      30 |      28 |  48.3
   Shoals:1 |    2561 |    1265 |  33.1 |       6 |       1 |  14.3
   Shoals:2 |   16137 |       0 |   0.0 |      35 |       0 |   0.0
   Shoals:3 |    6552 |       0 |   0.0 |      13 |       0 |   0.0
   Shoals:4 |    1514 |    8508 |  84.9 |       3 |      16 |  84.2
    Snake:1 |    3904 |       0 |   0.0 |       4 |       0 |   0.0
    Snake:2 |    7048 |       0 |   0.0 |       8 |       0 |   0.0
    Snake:3 |    4860 |       0 |   0.0 |      11 |       0 |   0.0
    Snake:4 |   18775 |   19986 |  51.6 |      36 |      57 |  61.3
      Orc:1 |    3103 |       0 |   0.0 |      11 |       0 |   0.0
      Orc:2 |    2222 |    5508 |  71.3 |      26 |      41 |  61.2
   Vaults:1 |    4575 |       0 |   0.0 |       6 |       0 |   0.0
   Vaults:2 |   18549 |    6049 |  24.6 |      36 |      11 |  23.4
   Vaults:3 |   26505 |     864 |   3.2 |      59 |       1 |   1.7
   Vaults:4 |   24111 |   13446 |  35.8 |      42 |      14 |  25.0
   Vaults:5 |   28370 |  131246 |  82.2 |      42 |      98 |  70.0
   Depths:1 |    1707 |       0 |   0.0 |       1 |       0 |   0.0
   Depths:2 |    3399 |       0 |   0.0 |       3 |       0 |   0.0
   Depths:3 |    3241 |   11886 |  78.6 |       3 |       9 |  75.0
   Depths:4 |   28522 |   45755 |  61.6 |      31 |      23 |  42.6
   Depths:5 |     112 |   77322 |  99.9 |       1 |      71 |  98.6
      Zot:1 |   58049 |    8350 |  12.6 |      43 |       6 |  12.2
      Zot:2 |   20862 |       0 |   0.0 |      16 |       0 |   0.0
      Zot:3 |   25077 |       0 |   0.0 |      14 |       0 |   0.0
      Zot:4 |    2432 |       0 |   0.0 |       2 |       0 |   0.0
      Zot:5 |    3276 |       0 |   0.0 |       3 |       0 |   0.0
    Abyss:5 |   13455 |       0 |   0.0 |      12 |       0 |   0.0
            +---------+---------+-------+---------+---------+-------
